 Dungeon Crawl Stone Soup version 0.32-a0-928-g1cae6b7ea0 (webtiles) character file.

Game seed: 7505333446874384795

6391 picklenugget the Slicer (level 10, -2/79 HPs)
             Began as a Coglin Shapeshifter on Apr 6, 2024.
             Was a Priest of Wu Jian.
             Succumbed to a kobold brigand's curare-tipped dart
             ... on level 9 of the Dungeon on Apr 12, 2024.
             The game lasted 00:14:44 (8897 turns).

picklenugget the Slicer (Coglin Shapeshifter)       Turns: 8897, Time: 00:14:45

Health: -2/79      AC:  4    Str: 13 (15) XL:     10   Next: 97%
Magic:  10/10      EV: 13    Int:  9 (10) God:    Wu Jian [***...]
Gold:   408        SH:  0    Dex: 15 (17) Spells: 9/9 levels left

rFire   . . .        H - +3 rapier (venom) {Santiago}
rCold   . . .        v - +0 short sword (speed) {Jacinta}
rNeg    . . .        A - +1 leather armour {rPois}
rPois   +            (helmet currently unavailable)
rElec   .            w - melded +0 cloak
rCorr   .            l - melded +0 pair of gloves
SInv    .            I - melded +2 pair of boots
Will    .....        (amulet unavailable)
Stlth   +            (ring unavailable)
HPRegen 0.33/turn    (ring unavailable)
MPRegen 0.12/turn    (no gizmo)

%: no passive effects
@: confused, lethally poisoned (-2 -> -20), beast-form, slowed, very slow
A: beast (slay +2), off-hand wielding, slow wielding, warmup strikes, no
jewellery
a: Invent Gizmo, Begin Untransformation, Renounce Religion, Wall Jump, Serpent's
Lash


You were on level 9 of the Dungeon.
You worshipped Wu Jian.
Wu Jian was most pleased with you.
You were a hulking beast.
You visited 2 branches of the dungeon, and saw 10 of its levels.

You collected 408 gold pieces.

Inventory:

Hand Weapons
 v - a +0 short sword of speed (offhand) {Jacinta}
 H - a +3 rapier of venom (weapon) {Santiago}
Missiles
 C - 4 throwing nets (quivered)
Armour
 l - a +0 pair of gloves (melded)
 u - a +0 chain mail
 w - a +0 cloak (melded)
 A - a +1 leather armour of poison resistance (worn)
 I - a +2 pair of boots (melded)
Talismans
 c - a beast talisman (active)
 d - a flux talisman
 B - a maw talisman
Wands
 i - a wand of mindburst (13)
 G - a wand of flame (24)
Scrolls
 a - a scroll of blinking
 b - 2 scrolls of noise
 e - 3 scrolls of amnesia
 f - a scroll of fog
 g - a scroll of enchant armour
 h - 2 scrolls of fear
 k - a scroll of acquirement {unknown}
 p - 2 scrolls of teleportation
 q - a scroll of immolation
 r - a scroll of torment
 y - a scroll of identify
 F - a scroll of poison
Potions
 n - a potion of might {unknown}
 o - a potion of lignification
 t - 3 potions of mutation
 x - 2 potions of haste
 z - 3 potions of ambrosia
 D - 2 potions of enlightenment
 E - a potion of berserk rage


   Skills:
 + Level 7.2 Fighting
 * Level 9.4 Short Blades
 + Level 5.9 Armour
 + Level 6.8 Dodging
 - Level 2.6 Unarmed Combat
 - Level 3.8 Shapeshifting


You had 9 spell levels left.
You didn't know any spells.
Your spell library contained the following spells:

 Spells                   Type           Power      Damage    Failure   Level
 Apportation              Tloc           0%         N/A       45%         1
 Necrotise                Necr           0%         1d4       45%         1
 Sting                    Conj/Alch      0%         1d3       45%         1
 Summon Small Mammal      Summ           0%         N/A       45%         1
 Scorch                   Fire           0%         2d5       58%         2
 Sublimation of Blood     Necr           0%         N/A       58%         2
 Call Canine Familiar     Summ           0%         N/A       83%         3
 Stone Arrow              Conj/Erth      0%         3d7       83%         3
 Animate Armour           Summ/Erth      0%         N/A       99%         4
 Flame Wave               Conj/Fire      0%         2d4       99%         4
 Petrify                  Alch/Erth      0%         N/A       99%         4
 Summon Blazeheart Golem  Fire/Summ      0%         N/A       99%         4
 Irradiate                Conj/Alch      0%         3d11      100%        5
 Summon Cactus Giant      Summ           0%         N/A       100%        6
 Lehudib's Crystal Spear  Conj/Erth      0%         10d2      100%        8


Dungeon Overview and Level Annotations

Branches:
Dungeon (9/15) Zot: 26566  Temple (1/1) D:5 Zot: 5947
   Lair: D:8-11         Orc: D:9-12

Altars:
Ashenzari
Cheibriados
Dithmenos
Elyvilon
Fedhas
Gozag
Hepliaklqana
Makhleb
Nemelex Xobeh
Okawaru
Qazlal
Ru
Sif Muna
Trog
Uskayaw
Vehumet
Wu Jian
Xom
Yredelemnul
Zin
The Shining One

Shops:
D:7 =[


Innate Abilities, Weirdness & Mutations

You are a hulking beast.
Your limbs bulge with bestial killing power. (Slay +2)
You can wield a second weapon in your off-hand.
It takes a long time for you to wield or remove held weapons.
Your first few attacks do less damage.
You cannot equip rings or amulets.


Message History

You open the door.
Something unseen breaks down the door.
Unknown command.
There is an open door here.
Found an escape hatch in the ceiling.
Unknown command.
You close the door.
Something unseen opens the door.
Unknown command.
Unknown command.
You are confused.
Unknown command.
Okay, then.
Unknown command.
Unknown command.
You hear some strange, mumbled words.
You are more confused.
Unknown command.
The orc throws a boomerang.
The boomerang hits you.
* * * LOW HITPOINT WARNING * * *
Unknown command.
You hear some strange, mumbled words.
You are more confused.
The kobold brigand throws a curare-tipped dart.
The curare-tipped dart barely misses you.
Unknown command.
It was a potion of magic.
Magic courses through your body.
Unknown command.
Okay, then.
Unknown command.
The kobold brigand throws a curare-tipped dart.
The curare-tipped dart hits you.
You are lethally poisoned!
You have difficulty breathing.
* * * LOW HITPOINT WARNING * * *
You feel yourself slow down.
There is an escape hatch in the ceiling here.
It was a potion of degeneration.
There was something very wrong with that liquid.
You feel weakened.
You feel dopey.
You feel clumsy.
You die...

####'####
#.......#
#.......#
#...o...#
#.......#
#..KK...+
#..{....#
#.......#
#..h....#
#########


You could see a kobold brigand, an orc and a kobold.

Vanquished Creatures
  A polar bear (D:8)
  Grinder (D:4)
  A hornet (D:8)
  Sigmund (D:2)
  A shadow (D:5)
  8 yaks
  An unseen horror simulacrum (D:8)
  3 steam dragons
  Grum (D:6)
  3 water moccasins
  An orc warrior (D:7)
  A black bear (D:6)
  5 ice beasts
  An ogre (D:6)
  2 centaurs
  3 bullfrogs
  3 gnoll sergeants (D:6)
  A scorpion (D:3)
  7 wights
  10 killer bees
  3 howler monkeys
  4 electric eels
  2 jellies
  5 bombardier beetles
  9 hounds
  2 orc priests
  A gnoll bouda (D:6)
  An iguana (D:7)
  2 sleepcaps (D:6)
  4 orc wizards
  13 gnolls
  5 adders
  A howler monkey simulacrum (D:8)
  5 white imps (D:8)
  2 ufetubi (D:8)
  2 dart slugs
  28 orcs
  6 ball pythons
  7 endoplasms
  A giant cockroach (D:3)
  3 goblins
  3 hobgoblins
  3 jackals (D:6)
  A quokka (D:2)
  8 bats
  A frilled lizard (D:1)
  8 kobolds
  9 rats
194 creatures vanquished.

Notes
Turn   | Place    | Note
-------+----------+-------------------------------------------
     0 | D:1      | picklenugget the Coglin Shapeshifter began the quest for
                  | the Orb.
     0 | D:1      | Reached XP level 1. HP: 15/15 MP: 1/1
   202 | D:1      | Reached XP level 2. HP: 21/21 MP: 2/2
   301 | D:1      | Reached skill level 1 in Short Blades
   503 | D:2      | Reached XP level 3. HP: 19/26 MP: 3/3
   532 | D:2      | Found a faded altar of an unknown god.
   842 | D:2      | Noticed Sigmund
   855 | D:2      | Killed Sigmund
   856 | D:2      | Reached skill level 2 in Short Blades
   856 | D:2      | Reached XP level 4. HP: 26/34 MP: 4/4
   856 | D:2      | Reached XP level 5. HP: 30/39 MP: 5/5
   985 | D:2      | Found a stormy altar of Qazlal.
  1371 | D:3      | Reached skill level 3 in Short Blades
  1385 | D:3      | Reached XP level 6. HP: 13/46 MP: 6/6
  2548 | D:4      | Noticed Grinder
  2566 | D:4      | Killed Grinder
  2567 | D:4      | Reached skill level 4 in Short Blades
  2567 | D:4      | Reached skill level 1 in Armour
  2567 | D:4      | Reached XP level 7. HP: 21/52 MP: 7/7
  3124 | D:5      | Entered Level 5 of the Dungeon
  3473 | D:5      | Noticed a shadow
  3493 | D:5      | Killed a shadow
  3494 | D:5      | Reached XP level 8. HP: 27/60 MP: 8/8
  3643 | D:5      | Found a staircase to the Ecumenical Temple.
  3651 | Temple   | Entered the Ecumenical Temple
  3677 | Temple   | Became a worshipper of the Wu Jian Council
  3996 | D:6      | Reached skill level 5 in Short Blades
  4136 | D:6      | Noticed Grum
  4145 | D:6      | Killed Grum
  4322 | D:6      | Reached skill level 6 in Short Blades
  4429 | D:6      | Reached * piety under Wu Jian
  4430 | D:6      | Reached XP level 9. HP: 60/67 MP: 9/9
  4455 | D:6      | Reached skill level 5 in Fighting
  4920 | D:6      | Reached skill level 5 in Dodging
  5279 | D:6      | Reached skill level 7 in Short Blades
  6316 | D:7      | Found Wicvokli's Jewellery Boutique.
  6378 | D:7      | Found Quraul's Antique Armour Emporium.
  6409 | D:7      | Reached ** piety under Wu Jian
  6410 | D:7      | Upgraded the game from 0.32-a0-909-gc671339a80 to
                  | 0.32-a0-928-g1cae6b7ea0
  6686 | D:7      | Reached XP level 10. HP: 61/76 MP: 10/10
  6801 | D:7      | Reached skill level 8 in Short Blades
  6885 | D:7      | Reached skill level 5 in Armour
  8533 | D:9      | Reached skill level 9 in Short Blades
  8858 | D:9      | Reached *** piety under Wu Jian
  8897 | D:9      | Succumbed to a kobold brigand's curare-tipped dart

Illustrated notes

Levels and vault maps discovered:
D:1:      nzn_arrival_crosshair, layout_rooms
D:2:      layout_basic, basic_altar,
          hellmonk_ecumenical_altar_pennies_from_heaven, uniq_sigmund
D:3:      layout_rooms
D:4:      nicolae_cairo_tiling, layout_basic, chequers_serial_rivers_small_a,
          uniq_grinder
D:5:      layout_basic, minmay_temple_entry_statues_fountains
D:6:      minmay_general_purpose_star, layout_cave_pools, serial_gnoll_camp,
          grums_kennel, gnoll_camp_medium_02, gnoll_camp_mini_hut,
          gnoll_camp_mini_hut, gnoll_camp_mini_loothouse
D:7:      layout_layer_cave, serial_shops, nicolae_shop_getting_attention,
          minmay_shop_enchanted_jewellery, minmay_misc_feat_rows,
          kennysheep_pointless_box, chequers_avenue, amethyst_killhole
D:8:      layout_cave_pools, serial_ice, serial_ice_l, serial_ice_h,
          serial_ice_b, serial_ice_m, serial_ice_g, serial_ice_d
D:9:      layout_roguey, erik_orc_2, serial_bayou_lagoon_a
Temple:   regret_index_temple_sigil_plot

Skill      XL: |  1  2  3  4  5  6  7  8  9 10 |
---------------+-------------------------------+-----
Dodging        | 2 3 4 5 6 |  6.8
Short Blades   | 1 2 3 4 6 7 9 |  9.4
Fighting       | 2 3 4 6 7 |  7.2
Shapeshifting  | 3 |  3.8
Armour         | 1 2 3 4 5 |  5.9
Unarmed Combat | |  2.6

Action                     |  1- 3 |  4- 6 |  7- 9 | 10-12 || total
---------------------------+-------+-------+-------+-------++-------
  Melee: Unarmed           |    26 |       |       |       ||    26
         Short sword       |    50 |    69 |   398 |   170 ||   687
         Dagger            |    13 |    80 |   353 |       ||   446
         Rapier            |       |       |    47 |   179 ||   226
Ability: Begin Untransform |       |     1 |       |     1 ||     2
         Lunge             |       |       |    36 |    21 ||    57
         Whirlwind         |       |       |    54 |    30 ||    84
         Wall Jump         |       |       |       |     3 ||     3
    Use: Potion            |     2 |       |     4 |     3 ||     9
         Scroll            |       |     1 |     9 |     8 ||    18
   Stab: Sleeping          |     1 |     1 |     1 |     1 ||     4
 Armour: Animal skin       |    21 |    28 |       |       ||    49
         Skin              |     3 |       |     8 |       ||    11
         Chain mail        |       |    22 |       |       ||    22
         Leather armour    |       |     7 |   163 |    70 ||   240
  Dodge: Dodged            |    28 |    36 |   154 |    55 ||   273
   Form: Beast             |     1 |     1 |     1 |     1 ||     4
                           |     1 |     1 |       |       ||     2

Table legend: (Time is in decaauts)
 A = Elapsed time spent in this place.
 B = Non-inter-level travel time spent in this place.
 C = Inter-level travel time spent in this place.
 D = Time resting spent in this place.
 E = Time spent auto-exploring this place.
 F = Levels seen in this place.
 G = Mean time per level.
                   A        B        C        D        E       F      G
               +--------+--------+--------+--------+--------+-----+--------+
         Total |   8746 |   8305 |    441 |      0 |   6920 |  10 |  874.6 |
       Dungeon |   8693 |   8302 |    391 |      0 |   6920 |   9 |  965.9 |
        Temple |     52 |      2 |     50 |      0 |      0 |   1 |   52.0 |
               +--------+--------+--------+--------+--------+-----+--------+

Top non-repeatable levels by time:
     D:6: 1852 daAuts
     D:7: 1298 daAuts
     D:4: 1077 daAuts
     D:8: 1012 daAuts
     D:5: 990 daAuts
     D:2: 836 daAuts
     D:3: 700 daAuts
     D:1: 491 daAuts
     D:9: 433 daAuts
  Temple: 52 daAuts
